Cogmind - Beta 13 *** ADVENTURER MODE // 2024.03.20 @ 22:17:46 Player: skye Result: Destroyed by G-47 Trooper with Particle Gun Performance ------------- Evolutions (3) 1500 Regions Visited (6) 1200 Robots Destroyed (91) 455 Value Destroyed (2850) 2850 Prototype IDs (5) 100 Alien Tech Used (0) 0 Bonus (0) 0 TOTAL SCORE: 6105 Bonus ------- None Cogmind --------- Core Integrity 0/700 Matter 11/300 Energy 275/275 System Corruption 23% Temperature Cool (9) Movement Treading (240) Ox1 Location -7/Lower Caves Parts ------- > --- POWER (2) -------- Deuterium Engine > --- PROPULSION (4) --- Medium Treads > --- UTILITY (4) ------ High-powered Tractor Beam Heart of Steel > --- WEAPON (3) ------- Plasma Cannon Autogun > --- INVENTORY (5) ---- VTOL Module Improved Heat Sink Coolant Injector Improved Sensor Array Peak State ------------ > --- POWER ------------ Deuterium Engine > --- PROPULSION ------- Medium Treads > --- UTILITY ---------- Weapon Cycler Heart of Steel > --- WEAPON ----------- Plasma Cannon Autogun Plasma Cutter > --- INVENTORY -------- VTOL Module Improved Heat Sink Coolant Injector Improved Sensor Array High-powered Tractor Beam [Rating: 44] Favorites ----------- Power Improved Ion Engine Engine Improved Ion Engine Power Core Light Nuclear Core Propulsion Wheel Treads Light Treads Leg Aluminum Leg Wheel Wheel Hover Unit Gravmag System Flight Unit VTOL Module Utility Large Storage Unit Device Heat Sink Storage Large Storage Unit Processor Visual Processing Unit Hackware Hacking Suite Protection Power Shielding Weapon Beam Rifle Energy Gun Beam Rifle Energy Cannon Plasma Cannon Ballistic Gun Autogun Ballistic Cannon Flak Cannon Special Weapon Plasma Cutter Slashing Weapon Great Axe Build | -11 -10 -9 -8 -7 -7 -7 ------- Run | Yrd Mat Mat Mat Fac Low Low Slots Evolved 6 | . . 2 2 2 . . Power 1 | . . . . 1 . . Propulsion 2 | . . 1 1 . . . Utility 2 | . . 1 1 . . . Weapon 1 | . . . . 1 . . Parts Attached 131 | 2 5 47 25 39 13 . Power 18 | . . 8 3 6 1 . Engine 16 | . . 8 2 5 1 . Core 2 | . . . 1 1 . . Reactor . | . . . . . . . Propulsion 59 | 2 2 22 12 17 4 . Treads 6 | . . 5 . . 1 . Leg 14 | . . 4 7 3 . . Wheel 29 | 2 2 13 5 7 . . Hover 4 | . . . . 4 . . Flight 6 | . . . . 3 3 . Utility 24 | . 2 3 6 10 3 . Device 15 | . . 1 3 8 3 . Storage 4 | . 2 . 2 . . . Processor 2 | . . 1 1 . . . Hackware 1 | . . . . 1 . . Protection 2 | . . 1 . 1 . . Artifact . | . . . . . . . Weapon 30 | . 1 14 4 6 5 . Energy Gun 12 | . 1 5 3 3 . . Energy Cannon 1 | . . . . . 1 . Ballistic Gun 8 | . . 4 . 1 3 . Ballistic Cannon 1 | . . . . 1 . . Launcher . | . . . . . . . Special Weapon 4 | . . 3 . . 1 . Impact Weapon . | . . . . . . . Slashing Weapon 4 | . . 2 1 1 . . Piercing Weapon . | . . . . . . . Special Melee Weapon . | . . . . . . . Unidentified Prototypes 3 | . . . . 2 1 . Parts Lost 51 | . . 7 12 30 1 1 Power 9 | . . 2 2 4 1 . Propulsion 26 | . . 3 8 15 . . Utility 6 | . . 1 . 5 . . Weapon 10 | . . 1 2 6 . 1 Highest Loss Streak 16 | . . 2 7 16 2 1 To Critical Strikes . | . . . . . . . Average Slot Usage (%) 77 | . 96 96 84 64 51 46 Engine 8 | . 14 10 5 7 6 7 Treads 3 | . . 6 . . 4 7 Leg 1 | . . . 8 2 . . Wheel 15 | . 27 25 17 11 . . Flight 1 | . . . . . 8 . Device 8 | . . 6 9 12 10 15 Storage 12 | . 25 22 13 5 . . Processor 2 | . . 2 11 . . . Energy Gun 8 | . 14 11 11 5 . . Energy Cannon 1 | . . . . . 4 7 Ballistic Gun 5 | . 14 7 . 4 7 7 Special Weapon 1 | . . 1 . . 6 . Slashing Weapon 2 | . . 1 3 4 . . Naked Turns 47 | . . . . 47 . . Heaviest Build 48 | 11 29 39 38 48 31 30 Greatest Support 67 | 32 32 40 42 67 28 28 Greatest Overweight (x) 10 | . 4 3 10 6 7 1 Average Overweight (x) . | . . . . . . 1 Largest Inventory Capacity 15 | 8 15 15 15 15 5 5 Average Capacity 12 | 8 9 15 15 12 5 5 Most Carried 15 | 7 7 15 15 15 5 4 Average Carried 10 | 6 6 12 14 11 4 4 Final Capacity 15 | 8 15 15 15 5 5 5 Final Carried 15 | 6 7 15 15 5 4 4 Class Distribution -------------------- 45% | Scavenger-Mutant 30% | Mutant 14% | Gunner 5% | Hacker-Mutant 3% | Scavenger-Sprinter Dominant Class ---------------- Mutant | -10/Materials Scavenger-Mutant | -9/Materials Scavenger-Mutant | -8/Materials Scavenger-Mutant | -7/Factory Gunner | -7/Lower Caves Mutant | -7/Lower Caves Resources | -11 -10 -9 -8 -7 -7 -7 ----------- Run | Yrd Mat Mat Mat Fac Low Low Matter Collected 2067 | 200 26 639 200 353 608 41 Remotely 41 | . . . . . . 41 Salvage Created 3651 | . 132 1508 874 888 208 41 Parts 187 | . 6 104 30 35 9 3 Haulers Intercepted . | . . . . . . . Recyclers Shooed 2 | . . 1 . 1 . . Parts Field Recycled . | . . . . . . . Retrieved Matter . | . . . . . . . Parts Self-Destructed 10 | . . . . . 7 3 Prevented . | . . . . . . . Kills | -11 -10 -9 -8 -7 -7 -7 ------- Run | Yrd Mat Mat Mat Fac Low Low Combat Hostiles Destroyed 68 | . 5 29 15 12 6 1 Melee 11 | . . 4 6 1 . . Guns 52 | . 5 25 8 9 5 . Cannons 2 | . . . . . 1 1 AOE 2 | . . . . 2 . . Classes Destroyed 12 | . 2 8 1 1 . . Worker 6 | . . 1 2 3 . . Builder 5 | . . 4 . 1 . . Recycler 8 | . . 2 1 5 . . Mechanic 1 | . . 1 . . . . Operator 2 | . . 1 . 1 . . Watcher 1 | . . 1 . . . . Swarmer 13 | . 3 4 . 3 3 . Grunt 35 | . 2 16 10 3 3 1 Brawler 3 | . . . 1 2 . . Duelist 2 | . . 2 . . . . Sentry 12 | . . 7 4 1 . . Programmer 3 | . . . . 3 . . Best Kill Streak 6 | . 3 6 5 4 3 1 Combat Bots Only 5 | . 3 5 3 3 3 1 Max Kills in Single Turn 2 | . 1 2 1 2 1 1 Gunslinging . | . . . . . . . Exploded 2 | . . . . 2 . . Melee 1 | . . 1 1 1 . . Uniques/NPCs Destroyed . | . . . . . . . Combat | -11 -10 -9 -8 -7 -7 -7 -------- Run | Yrd Mat Mat Mat Fac Low Low Hostile Shots Fired 812 | . 38 138 177 379 48 32 Missed 264 | . 13 37 51 126 23 14 Damage Taken 5648 | . 210 1095 1566 2249 301 227 Core 1430 | . 83 208 430 535 128 46 Absorbed by Shields . | . . . . . . . Ignored by Resistances 1654 | . 63 319 442 680 85 65 Regen/Repaired (Parts) 180 | . . 34 146 . . . Core Remaining (%) 58 | 100 66 48 21 . . . Volleys Fired 258 | . 22 92 53 69 18 4 Largest 2 | . 2 2 2 2 2 2 Hottest 113 | . 60 112 112 113 103 103 Shots Fired 409 | . 44 155 78 104 20 8 Gun 386 | . 44 148 78 99 13 4 Cannon 14 | . . . . 5 5 4 Launcher . | . . . . . . . Special 9 | . . 7 . . 2 . Kinetic 141 | . 22 67 . 35 13 4 Thermal 268 | . 22 88 78 69 7 4 Explosive . | . . . . . . . Electromagnetic . | . . . . . . . Robot Hit Streak 43 | . 25 22 43 16 11 4 Robot Miss Streak 7 | . 1 4 1 7 2 1 Penetration Max . | . . . . . . . Secondary Targets 8 | . . 6 1 1 . . Max Gunslinging Chain 1 | . . 1 1 1 . . Shots Hit Robots 383 | . 40 128 101 92 17 5 Core Hits 174 | . 11 60 33 54 14 2 Critical Kills . | . . . . . . . Critical Parts Destroyed 1 | . . 1 . . . . Critical Strikes 26 | . . 7 11 8 . . Burn 12 | . . 5 4 3 . . Destroy 1 | . . 1 . . . . Sever 13 | . . 1 7 5 . . Melee Attacks 65 | . . 18 29 18 . . Impact . | . . . . . . . Slashing 65 | . . 18 29 18 . . Piercing . | . . . . . . . Sneak Attacks 8 | . . 4 2 2 . . Combat Hostiles . | . . . . . . . Follow-up Attacks . | . . . . . . . Damage Inflicted 7622 | . 376 2102 2062 2615 347 120 Guns 4569 | . 376 1447 1113 1388 203 42 Cannons 226 | . . . . 26 124 76 Explosions 471 | . . . . 471 . . Melee 2318 | . . 653 949 716 . . Ramming 27 | . . 2 . 14 9 2 Kinetic 1494 | . 151 520 . 578 203 42 Thermal 3783 | . 225 927 1113 1307 135 76 Explosive . | . . . . . . . Electromagnetic . | . . . . . . . Impact . | . . . . . . . Slashing 2318 | . . 653 949 716 . . Piercing . | . . . . . . . Highest Corruption 23 | . . . . 23 23 23 Average Corruption 16 | . . . . 9 23 23 Corruption Purged . | . . . . . . . Corruption Blocked . | . . . . . . . Effects 85 | . . . . 25 59 1 Message Errors 25 | . . . . 8 17 . Matter Fused 15 | . . . . 4 10 1 Heat Flow Errors 3 | . . . . 1 2 . Energy Discharges 12 | . . . . 3 9 . Parts Rejected 1 | . . . . . 1 . Data Loss (minor) 15 | . . . . 4 11 . Data Loss (major) 5 | . . . . 1 4 . Misfires 2 | . . . . 1 1 . Alerts 1 | . . . . . 1 . Misdirections 4 | . . . . 3 1 . Weapon Failures 2 | . . . . . 2 . Overload Shots . | . . . . . . . Overflow Damage 411 | . . 101 66 244 . . Projectiles . | . . . . . . . Explosions 122 | . . . . 122 . . Melee 289 | . . 101 66 122 . . Knockbacks 2 | . . . . 2 . . Impact . | . . . . . . . Kinetic 2 | . . . . 2 . . Secondary . | . . . . . . . Self-Inflicted Damage 54 | . . . . 54 . . Shots 1 | . . . . 1 . . Rammed 11 | . . 1 . 4 4 2 Targets Rammed 11 | . . 1 . 4 4 2 Kicked . | . . . . . . . Crushed . | . . . . . . . Highest Temperature 348 | . 149 207 348 148 220 172 Average Temperature 67 | . 77 32 112 51 78 82 Received Heat Transfer 2892 | . 138 576 1224 594 180 180 Siege Activations . | . . . . . . . Robots Corrupted . | . . . . . . . Combat Hostiles . | . . . . . . . Parts Fried . | . . . . . . . Impact Corruptions . | . . . . . . . Robots Melted 1 | . . . 1 . . . Combat Hostiles 1 | . . . 1 . . . Parts Melted 19 | . 1 4 7 5 1 1 Heat Transferred 8937 | . 525 2717 2960 2298 287 150 Parts Sabotaged . | . . . . . . . Parts Stolen . | . . . . . . . Parts Stripped . | . . . . . . . Power Chain Reactions . | . . . . . . . Alert | -11 -10 -9 -8 -7 -7 -7 ------- Run | Yrd Mat Mat Mat Fac Low Low Peak Influence 269 | . 128 269 202 209 . . Initial 74 | . . 45 67 74 . . Average 113 | . 78 139 115 81 . . Maximum Alert Level 1 | . . 1 1 1 . . Low Security (%) 85 | 100 100 71 99 90 . . Level 1 14 | . . 28 . 9 . . Level 2 . | . . . . . . . Level 3 . | . . . . . . . Level 4 . | . . . . . . . Level 5 . | . . . . . . . High Security . | . . . . . . . Max Security . | . . . . . . . Squads Dispatched 12 | . . 6 2 4 . . Investigation 3 | . . 2 1 . . . Extermination 2 | . . . . 2 . . Reinforcement 6 | . . 4 1 1 . . Assault . | . . . . . . . Garrison 1 | . . . . 1 . . Intercept . | . . . . . . . Searches Triggered . | . . . . . . . Construction Impeded . | . . . . . . . Haulers Reinforced . | . . . . . . . Active Scanning Responses . | . . . . . . . Cargo Convoy Interrupts . | . . . . . . . Stealth | -11 -10 -9 -8 -7 -7 -7 --------- Run | Yrd Mat Mat Mat Fac Low Low Distress Signals 7 | . . 4 . 3 . . Communications Jammed . | . . . . . . . Distress Signals . | . . . . . . . Times Spotted 116 | . 6 48 24 25 9 4 Peak Tracking Total 7 | . 3 7 6 5 4 4 Tactical Retreats 10 | . . 4 2 3 1 . Traps | -11 -10 -9 -8 -7 -7 -7 ------- Run | Yrd Mat Mat Mat Fac Low Low Traps Triggered 10 | . 1 6 2 1 . . Indirectly . | . . . . . . . Trap Hack Attempts . | . . . . . . . Triggered . | . . . . . . . Disarmed . | . . . . . . . Reprogrammed . | . . . . . . . Reused . | . . . . . . . Traps Extracted . | . . . . . . . Installed . | . . . . . . . Triggered . | . . . . . . . Machines | -11 -10 -9 -8 -7 -7 -7 ---------- Run | Yrd Mat Mat Mat Fac Low Low Machines Disabled 7 | . . . . 7 . . Max in Single Turn 5 | . . . . 5 . . Machines Repaired . | . . . . . . . Machines Dismantled 5 | . . 5 . . . . Machines Sabotaged . | . . . . . . . Overloaded Fab Kills . | . . . . . . . Hacking | -11 -10 -9 -8 -7 -7 -7 --------- Run | Yrd Mat Mat Mat Fac Low Low Machines Accessed 21 | . 4 6 4 6 1 . Terminals 17 | . 4 4 3 6 . . Fabricators . | . . . . . . . Repair Stations 3 | . . 2 1 . . . Recycling Units . | . . . . . . . Scanalyzers . | . . . . . . . Garrison Access . | . . . . . . . Total Hacks 66 | . 9 20 22 14 1 . Successful 37 | . 2 14 15 5 1 . Failed 29 | . 7 6 7 9 . . Catastrophic 2 | . . 2 . . . . Database Lockouts . | . . . . . . . Manual 41 | . 9 14 8 10 . . Terminals 47 | . 9 15 9 14 . . Fabricators . | . . . . . . . Repair Stations 18 | . . 5 13 . . . Recycling Units . | . . . . . . . Scanalyzers . | . . . . . . . Garrison Access . | . . . . . . . Terminal Hacks 16 | . 1 9 2 3 1 . Robot Analysis 2 | . . . 1 1 . . Prototype ID Bank 1 | . . . . 1 . . Open Door 1 | . . . . . 1 . Terminal Index 2 | . . 1 1 . . . Alert Level 1 | . . 1 . . . . Locate Traps 1 | . . 1 . . . . Dispatch Records 3 | . . 2 . 1 . . Recall Investigation 1 | . . 1 . . . . Recall Reinforcements 1 | . . 1 . . . . Zone Layout 3 | . 1 2 . . . . Fabricator Hacks . | . . . . . . . Repair Station Hacks 14 | . . 3 11 . . . Scan Component 8 | . . 2 6 . . . Repair 6 | . . 1 5 . . . Recycling Unit Hacks . | . . . . . . . Scanalyzer . | . . . . . . . Garrison Access Hacks . | . . . . . . . Unauthorized Hacks 7 | . 1 2 2 2 . . Terminals 7 | . 1 2 2 2 . . Botnet 7 | . 1 2 2 2 . . Fabricators . | . . . . . . . Repair Stations . | . . . . . . . Recycling Units . | . . . . . . . Scanalyzers . | . . . . . . . Garrison Access . | . . . . . . . Data Cores Recovered . | . . . . . . . Used . | . . . . . . . Hacking Detections 20 | . 4 6 4 6 . . Full Trace Events 1 | . . 1 . . . . Feedback Events . | . . . . . . . Feedback Blocked . | . . . . . . . Robot Schematics Acquired . | . . . . . . . Robots Built . | . . . . . . . Authchips . | . . . . . . . Time . | . . . . . . . Total Robot Build Rating . | . . . . . . . Part Schematics Acquired . | . . . . . . . Parts Built . | . . . . . . . Authchips . | . . . . . . . Time . | . . . . . . . Total Part Build Rating . | . . . . . . . Parts Repaired 6 | . . 1 5 . . . Time 195 | . . 26 169 . . . Parts Recycled . | . . . . . . . Recycled Matter . | . . . . . . . Retrieved Matter . | . . . . . . . Retrieved Components . | . . . . . . . Parts Scanalyzed . | . . . . . . . Part Schematics Acquired . | . . . . . . . Parts Damaged . | . . . . . . . Bothacking | -11 -10 -9 -8 -7 -7 -7 ------------ Run | Yrd Mat Mat Mat Fac Low Low Used RIF Installer . | . . . . . . . Robots Hacked . | . . . . . . . Non-combat . | . . . . . . . Combat . | . . . . . . . Robot Hacks Applied . | . . . . . . . Relay Couplers Released . | . . . . . . . Fabnet Peak Effective % . | . . . . . . . Robots Rewired . | . . . . . . . Allies Hacked . | . . . . . . . Hacks Repelled . | . . . . . . . Allies | -11 -10 -9 -8 -7 -7 -7 -------- Run | Yrd Mat Mat Mat Fac Low Low Total Allies . | . . . . . . . Largest Group . | . . . . . . . Highest-Rated Group . | . . . . . . . Highest-Rated Ally . | . . . . . . . Total Orders . | . . . . . . . Ally Attacks . | . . . . . . . Total Damage . | . . . . . . . Kills . | . . . . . . . Allies Corrupted . | . . . . . . . Allies Melted . | . . . . . . . Intel | -11 -10 -9 -8 -7 -7 -7 ------- Run | Yrd Mat Mat Mat Fac Low Low Robot Analysis Total 2 | . . . 1 1 . . Derelict Logs Recovered 1 | . . . . . 1 . Drone Launches . | . . . . . . . Drone Recoveries . | . . . . . . . Exploration | -11 -10 -9 -8 -7 -7 -7 ------------- Run | Yrd Mat Mat Mat Fac Low Low Turns Passed 5637 | 3 343 1901 1009 1197 1163 21 Spaces Moved 3852 | 1 261 1193 519 817 1059 2 Core 188 | . 1 . 1 185 1 . Treads 604 | . . 269 . . 333 2 Legs 183 | . . . 157 26 . . Wheels 1987 | 1 260 924 361 441 . . Hover 11 | . . . . 11 . . Flight 879 | . . . . 154 725 . Fastest Speed 26 | 100 100 86 93 29 26 240 Average Speed 105 | 100 100 110 111 101 100 240 Slowest Speed 550 | 100 250 240 550 400 400 240 Overloaded Moves . | . . . . . . . Propulsion Burnouts . | . . . . . . . Robots Hopped 8 | . . . . 5 3 . Cave-ins Triggered . | . . . . . . . Exploration Rate (%) 35 | 1 42 60 35 22 89 2 Regions Visited 6 Branch Regions 2 Pre-discovered Areas . | . . . . . . . Known Exits Taken . | . . . . . . . Unknown Exits Taken 6 | 1 1 1 1 1 1 . Scrap Searched 3 | . . . . . 3 . Spaces Dug . | . . . . . . . Terrain Destroyed 26 | . . . . 26 . . Melee . | . . . . . . . Projectile . | . . . . . . . AOE 26 | . . . . 26 . . Terrain Rammed . | . . . . . . . Walls Destroyed . | . . . . . . . Machines Disabled . | . . . . . . . Actions | -11 -10 -9 -8 -7 -7 -7 --------- Run | Yrd Mat Mat Mat Fac Low Low Total 4834 | 4 299 1521 829 1041 1132 8 Wait 368 | . 12 91 175 57 33 . Move 3830 | . 260 1192 518 806 1052 2 Hop 8 | . . . . 5 3 . Pick Up 45 | . . 22 16 6 1 . Fast Attach 64 | . 3 12 14 24 11 . Attach 35 | 2 . 12 7 12 2 . Detach 13 | 2 . 4 1 5 1 . Swap 32 | . 2 23 4 3 . . Drop 54 | . . 18 12 17 7 . Fire 258 | . 22 92 53 69 18 4 Melee 65 | . . 18 29 18 . . Ram 4 | . . . . 4 . . Kick . | . . . . . . . Crush 7 | . . 1 . . 4 2 Escape Stasis 15 | . . . . 15 . . Rewire . | . . . . . . . Trap . | . . . . . . . Miscellaneous 36 | . . 36 . . . . Route ------- -11/Scrapyard -10/Materials (discovered 2 exits: *Mat / [*Min]) -9/Materials (discovered 3 exits: *Mat / [*Min x2]) -8/Materials -7/Factory (discovered 3 exits: [*Fac] / *Low x2) -7/Lower Caves -7/Lower Caves History --------- Turn | Location | Event 4 | -11/Scrapyard | Discovered new exit (range 0) 4 | -11/Scrapyard | Entered Materials 62 | -10/Materials | Discovered new exit (range 17) 300 | -10/Materials | Build established: Mutant 301 | -10/Materials | Discovered new exit (range 16) 347 | -10/Materials | Entered another Materials area 347 | -9/Materials | Evolved 2 slots: Propulsion x1, Utility x1 613 | -9/Materials | Discovered new exit (range 5) 1018 | -9/Materials | Discovered new exit (range 7) 1416 | -9/Materials | Build established: Scavenger-Mutant 1439 | -9/Materials | Repaired Wheel 1838 | -9/Materials | Discovered new exit (range 17) 2188 | -9/Materials | Core integrity fell below 50% 2248 | -9/Materials | Entered another Materials area 2248 | -8/Materials | Evolved 2 slots: Propulsion x1, Utility x1 2430 | -8/Materials | Repaired Wheel 2464 | -8/Materials | Repaired Beam Rifle 2520 | -8/Materials | Repaired Broken Katana 2547 | -8/Materials | Repaired Hcp. Battery 2581 | -8/Materials | Repaired Imp. Ion Engine 2872 | -8/Materials | Core integrity fell below 50% 2900 | -8/Materials | Lost 7 parts (1p4n2w) 3248 | -8/Materials | Discovered new exit (range 8) 3257 | -8/Materials | Entered Factory 3257 | -7/Factory | Evolved 2 slots: Power x1, Weapon x1 3328 | -7/Factory | Lost 3 parts (2n1w) 3434 | -7/Factory | Garrison activated, responded to threat 3529 | -7/Factory | Lost 4 parts (1p3n) 3766 | -7/Factory | Discovered new exit (range 16) 3960 | -7/Factory | Discovered new exit (range 3) 4036 | -7/Factory | System corruption reached 10% 4087 | -7/Factory | Lost 5 parts (1n2u2w) 4144 | -7/Factory | Core integrity fell below 50% 4200 | -7/Factory | Lost 16 parts (3p7n3u3w) 4453 | -7/Factory | Discovered new exit (range 5) 4454 | -7/Factory | Entered Lower Caves 4472 | -7/Lower Caves | Core integrity fell below 20% 4524 | -7/Lower Caves | Encountered a Warlord checkpoint 4681 | -7/Lower Caves | Found Prototype Device 4681 | -7/Lower Caves | Identified Heart of Steel 5096 | -7/Lower Caves | Build established: Gunner 5407 | -7/Lower Caves | Learned Factory terminal intel 5569 | -7/Lower Caves | Discovered new exit (range 11) 5617 | -7/Lower Caves | Entered another Lower Caves area 5638 | -7/Lower Caves | Destroyed by G-47 Trooper with Particle Gun Last Messages --------------- Found 31 Matter. Acquired 31 matter. UKP TDH4E8&XRHBYT 4 E& N Dropped Hpw. Tractor Beam. Acquired Hpw. Tractor Beam. Dropped Weapon Cycler. System corrupted: Component data lost. EXIT=FOUND J>LUQYPM,&I86WA<3T4251%C/JHBQPOG7Y LOCATION=UNKNOWN GOAL=ESCAPE Plasma Cutter destroyed. Lgt. Nuclear Core melted. G-47 Trooper destroyed. Acquired 41 matter. Critical hit (Burn: +37). System corrupted: Matter fused (-5). Aluminum Leg fries itself beyond repair. Imp. Heat Sink fries itself beyond repair. Slammed into G-47 Trooper. Map ----- +----------------------------------------------------+ | ?????????????????????????????????????????????????? | | ?????????????????????????????????????????????????? | | ?????????????????????????????????????????????????? | | ?????????????????????????????????????????????????? | | ?????????????????????????????????????????????????? | | ?????????????????????????????????????????????????? | | ?????????????????????????????????????????????????? | | ?????????????????????????????????????????????????? | | ?????????????????????????????????????????????????? | | ?????????????????????????????????????????????????? | | ?????????????????????????????????????????????????? | | ?????????????????????????????????????????????????? | | ?????????????????????????????????????????????????? | | ?????????????????????????????????????????????????? | | ?????????????????????????????????????????????????? | | ?????????????????????????????????????????????????? | | ?????????????????????????????????????????????????? | | ?????????????????????????????????????????????????? | | ?????????????????????????????????????????????????? | | ?????????????????????????????????????????????????? | | ??????????????????????###????????????????????????? | | ??????????????????????# ##???????????????????????? | | ?????????????????????## ###?????????????????????? | | ????????????????????## ##????????????????????? | | ????????????????????# gg #????????????????????? | | ????????????????????# S @g ## #???????????? | | ????????????????????# #????????????? | | ????????????????????## #????????????? | | ?????????????????????# ### #????????????? | | ?????????????????????# ###???? #???????????? | | ?????????????????????## S#???????? #??????????? | | ??????????????????????## #?????????? ??????????? | | ???????????????????????# #??????????????????????? | | ???????????????????????# #??????????????????????? | | ??????????????????????? ??????????????????????? | | ???????????????????????## ??????????????????????? | | ?????????????????????????# ?????????????????????? | | ?????????????????????????? ?????????????????????? | | ?????????????????????????? ????????????????????? | | ?????????????????????????? #????????????????????? | | ?????????????????????????????????????????????????? | | ?????????????????????????????????????????????????? | | ?????????????????????????????????????????????????? | | ?????????????????????????????????????????????????? | | ?????????????????????????????????????????????????? | | ?????????????????????????????????????????????????? | | ?????????????????????????????????????????????????? | | ?????????????????????????????????????????????????? | | ?????????????????????????????????????????????????? | | ?????????????????????????????????????????????????? | +----------------------------------------------------+ Best States ------------- Heat Dissipation 53 Coolant Potential 65 Energy Generation 23 Energy Capacity 515 Matter Stores 300 Matter Capacity 300 Sight Range 18 Robot Scan Range 15 Terrain Scan Density 10 Additional Mass Support 9 Base Temperature (-) 100 Armor Coverage 150 Resistance: KI 20 Resistance: TH 20 Resistance: EX 20 Resistance: EM 20 Resistance: I 20 Resistance: S 20 Resistance: P 20 Power Shielding 33 Weapon Cycling 15 Evasion (%) 64 Recoil Reduction 2 Offensive Hacking 20 Trap Extractor Capacity 6 Item Schematics ----------------- None Robot Schematics ------------------ None Fabricated ------------ Nothing Alien Tech Used ----------------- None Achievements -------------- Universal Adapter Challenges ------------ None Game ------ Seed BombardmentAuthchipKatana Manual? 0 Play Time 00:48:55 Cumulative 34.4 hours Start 2024.03.20 @ 21:26:43 End 2024.03.20 @ 22:17:46 Sessions 1 Manual Loads 0 Difficulty Adventurer Special Mode None Game No. 35 Rogue 5 Adventurer 30 Explorer 0 Win Type - Total 0 Types 0/0/0/0/0/0/0/0/0 Lore% 22 Gallery% 41 Achievement% 28 Wizard Run 0 Options --------- Layout 1 ASCII 0 Keyboard 1 Movement Vi Keybinds 0 Fullscreen 1 Font 24/Terminus Map View 50x40 Zoom Use 0% Tactical HUD 0 Map Filters NONE Filters NONE Steam 1 RUN: 43725294-c76f-497e-b9bd-26c247614e2c